 Dungeon Crawl Stone Soup version 0.24-a0-693-g39a19ac0f1 (webtiles) character file.

Game seed: 1334145344565815607, levelgen mode: deterministic

8960 MalarOregon the Destroyer (level 11, -8/66 HPs)
             Began as a Pale Draconian Conjurer on Sept 28, 2019.
             Was a High Priest of Hepliaklqana.
             Mangled by a troll (9 damage)
             ... on level 11 of the Dungeon.
             The game lasted 00:32:34 (12550 turns).

MalarOregon the Destroyer (DrCj)                   Turns: 12550, Time: 00:32:34

Health: -8/66      AC: 14    Str: 10    XL:     11   Next: 16%
Magic:  2/26       EV: 12    Int: 27    God:    Hepliaklqana [*****.]
Gold:   118        SH:  0    Dex: 12    Spells: 14/32 levels left

rFire    . . .     SeeInvis .   w - +2 dagger (drain)
rCold    . . .     Gourm    .   (no shield)
rNeg     . . .     Faith    .   (armour unavailable)
rPois    .         Spirit   .   l - +2 hat
rElec    .         Reflect  .   y - +2 cloak
rCorr    .         Harm     .   i - +1 pair of gloves
MR       .....                  (no boots)
Stlth    ++........             B - amulet of the acrobat
HPRegen  0.21/turn              h - +2 ring of intelligence
MPRegen  0.20/turn              p - +6 ring of intelligence

@: no status effects
A: breathe steam, unfitting armour, reduced essence, cold-blooded, AC +7
a: Breathe Steam, Recall Ancestor, Ancestor Identity, Transference, Idealise,
Renounce Religion


You were on level 11 of the Dungeon.
You worshipped Hepliaklqana.
Hepliaklqana was extremely pleased with you.
You were not hungry.

You visited 1 branch of the dungeon, and saw 11 of its levels.
You also visited: Ossuary.

You collected 523 gold pieces.
You spent 405 gold pieces at shops.

Inventory:

Hand Weapons
 v - a +0 dagger of holy wrath
   (You took it off Dowan on level 6 of the Dungeon)
 w - a +2 dagger of draining (weapon)
   (You took it off an orc wizard on level 7 of the Dungeon)
Missiles
 x - 63 poisoned darts (quivered)
 I - a throwing net {!f}
Armour
 i - a +1 pair of gloves (worn)
   (You found it on level 7 of the Dungeon)
 l - a +2 hat (worn)
   (You found it on level 2 of the Dungeon)
 y - a +2 cloak (worn)
   (You took it off Crazy Yiuf on level 6 of the Dungeon)
Magical Staves
 M - an uncursed staff of cold
   (You found it on level 9 of the Dungeon)
Jewellery
 h - a +2 ring of intelligence (left hand)
   (You found it on level 4 of the Dungeon)
 p - a +6 ring of intelligence (right hand)
   (You found it on level 6 of the Dungeon)
 B - an amulet of the acrobat (around neck)
   (You found it on level 7 of the Dungeon)
 D - a cursed ring of attention {unknown}
   (You found it on level 8 of the Dungeon)
 K - a +5 ring of dexterity {unknown}
   (You found it on level 8 of the Dungeon)
 L - an uncursed amulet of the gourmand {unknown}
   (You found it on level 8 of the Dungeon)
 O - an uncursed ring of flight {unknown}
   (You found it on level 9 of the Dungeon)
Wands
 d - a wand of iceblast (6)
   (You took it off Maurice on level 11 of the Dungeon)
 t - a wand of flame (18)
   (You found it on level 10 of the Dungeon)
 u - a wand of paralysis (9)
   (You found it on level 8 of the Dungeon)
 P - a wand of enslavement (10)
   (You found it on level 9 of the Dungeon)
Scrolls
 a - 2 scrolls of enchant weapon
 b - 5 scrolls of teleportation {@r4}
 f - 9 scrolls of identify {@r1}
 g - 3 scrolls of magic mapping
 n - 9 scrolls of remove curse {@r2}
 q - 6 scrolls of fog
 C - a scroll of enchant armour
 N - a scroll of immolation {!r}
Potions
 c - 9 potions of curing {@q1}
 j - 4 potions of haste {unknown}
 k - 4 potions of heal wounds {@q2}
 m - a potion of resistance {unknown}
 o - 2 potions of flight
 r - a potion of ambrosia {unknown}
 z - a potion of mutation {unknown}
 A - a potion of lignification {unknown}
 E - 2 potions of agility {unknown}
 F - a potion of invisibility {unknown}
 G - 2 potions of might {unknown}
 H - 2 potions of brilliance {unknown}
 J - a potion of magic {unknown}
 Q - a potion of cancellation {unknown}
Comestibles
 e - 20 rations {!d}
 s - 15 chunks of flesh


   Skills:
 - Level 1.7 Dodging
 - Level 1.7 Stealth
 + Level 11.4 Spellcasting
 + Level 12.7 Conjurations


You had 14 spell levels left.
You knew the following spells:

 Your Spells              Type           Power        Failure   Level  Hunger
a - Magic Dart            Conj           ####         1%          1    None
b - Dazzling Spray        Conj/Hex       #####.       1%          3    None
c - Force Lance           Conj/Tloc      #####...     2%          4    None
s - Searing Ray           Conj           ######       1%          2    None
x - Iskenderun's Mystic   Conj           ######..     1%          4    None
z - Fulminant Prism       Conj/Hex       #####.....   2%          4    None

Your spell library contained the following spells:

 Spells                   Type           Power        Failure   Level  Hunger
 Animate Skeleton         Necr           N/A          3%          1    None
 Apportation              Tloc           ###...       3%          1    None
 Beastly Appendage        Tmut           ###...       3%          1    None
 Confusing Touch          Hex            ###...       3%          1    None
 Summon Small Mammal      Summ           ###.         3%          1    None
 Sticks to Snakes         Tmut           ###.....     5%          2    None
 Spider Form              Tmut/Pois      ###.......   11%         3    None
 Ice Form                 Ice/Tmut       ###.....     36%         4    None
 Blade Hands              Tmut           ###.......   71%         5    ###....


Dungeon Overview and Level Annotations

Branches:
Dungeon (11/15)            Temple (0/1) D:6            Lair (0/6) D:9
    Orc (0/2) D:10        Ossuary (visited)

Altars:
Ashenzari
Fedhas
Hepliaklqana
Kikubaaqudgha
Nemelex Xobeh
Vehumet
Zin
The Shining One

Shops:
D:4 *   D:10 :


Innate Abilities, Weirdness & Mutations

You can breathe blasts of scalding, opaque steam.
Your pale cyan-grey scales are hard. (AC +7)
You cannot fit into any form of body armour.
You are cold-blooded and may be slowed by cold attacks.
Your life essence is reduced to manifest your ancestor. (-10% HP)


Message History

You start resting.
Maurice is too close now for your liking.
Your troll bites Maurice.
Your troll claws Maurice! x2
Your troll barely misses Maurice. x2; Your troll claws Maurice.
Aim: Maurice, wielding a +0 short sword, wearing a +0 cloak and carrying a wand of iceblast (6) (severely wounded)
The magic dart hits Maurice.
Aim: Maurice, wielding a +0 short sword, wearing a +0 cloak and carrying a wand of iceblast (6) (severely wounded)
The magic dart hits Maurice but does no damage.
Maurice casts a spell.
Maurice looks slightly unstable.
Your troll bites Maurice!
Your troll claws Maurice!
Maurice dies!
Your troll looks more experienced.
You swap places.
d - a wand of iceblast (6);
Q - a glowing dark potion You now have 107 gold pieces (gained 13).
Things that are here:
a +0 short sword; a +0 cloak; the human corpse of Maurice You butcher the human corpse of Maurice.
s - 10 chunks of flesh (gained 4)
Things that are here:
a +0 short sword; a +0 cloak; the human skeleton of Maurice You swap places.
Your troll seems less drained.
You see here a manticore corpse.
You butcher the manticore corpse.
s - 15 chunks of flesh (gained 5)
You see here a manticore skeleton.
Found 4 large rocks.
You now have enough gold to buy a diamond ring on D:4.
You now have 118 gold pieces (gained 11).
The troll is no longer charmed.
The troll bites you but does no damage. The troll misses you.
The troll completely misses you.
You see here 12 gold pieces.
The troll misses you. x2; The troll barely misses you.
The troll misses you. The troll claws you but does no damage.
The troll misses you.
Found a black potion.
You hit the troll. You drain the troll. The troll closely misses you.
The troll claws you!
* * * LOW HITPOINT WARNING * * *
The troll claws you.
* * * LOW HITPOINT WARNING * * *
Aim: a troll (lightly wounded, lightly drained)
The orb of energy hits the troll.
The orb of energy explodes!
The troll bites you!
* * * LOW HITPOINT WARNING * * *
The troll claws you!
You die...

!#.. .#.. # ... .###
..## ###... ##..
....# #..# ...
#..####.#####
#+###.รท@T.$.....#
#.....#.........#
#.....#.........#
###...#.........#
#..)..#.........#
#.....#.........#
###+#'###...........#
#...#...#...........+
#.......#...........#


You could see a troll.

Vanquished Creatures
  Pikel (D:9)
  A manticore (D:11)
  3 trolls
  A hippogriff (D:7)
  3 yaks (D:10)
  Menkaure (D:6)
  Duvessa (D:6)
  An ice beast (D:10)
  An eye of draining (D:8)
  7 ogres
  An orc warrior (D:8)
  2 phantoms (D:8)
  A centaur (D:10)
  Blork the orc (D:6)
  4 elf zombies (Ossuary)
  A big kobold (D:10)
  3 bullfrogs
  2 scorpions (D:8)
  4 howler monkeys
  2 electric eels (D:9)
  A crimson imp (D:11)
  2 bullfrog zombies (D:10)
  7 centaur zombies
  2 human zombies (Ossuary)
  5 hounds
  3 orc priests
  A bullfrog skeleton (D:11)
  A centaur skeleton (D:5)
  Natasha (D:2)
  5 iguanas
  6 orc wizards
  5 worker ants
  A hound skeleton (D:5)
  4 mummies
  2 battlemagi
  A gnoll (D:1)
  5 adders
  An adder zombie (D:5)
  2 adder skeletons (D:5)
  3 dart slugs
  7 leopard geckos
  16 orcs
  2 bat skeletons (D:9)
  A giant cockroach (D:1)
  5 goblins
  5 hobgoblins
  4 jackals
  14 kobolds
  3 quokkas
  A ball python (D:3)
  8 bats
  4 frilled lizards
  A jackal skeleton (D:8)
  A jackal zombie (D:5)
  2 kobold zombies (D:8)
  A leopard gecko zombie (D:8)
  7 rats
181 creatures vanquished.

Vanquished Creatures (collateral kills)
  A two-headed ogre (D:11)
  Maurice (D:11)
  A hornet (D:8)
  Grum (D:9)
  2 orc warriors
  2 sky beasts
  A phantom (D:7)
  An ogre (D:8)
  4 wolves (D:9)
  A centaur (D:6)
  A crocodile (D:9)
  A big kobold (D:5)
  A wyvern zombie (D:8)
  Dowan (D:6)
  A scorpion (D:9)
  5 howler monkeys
  A vampire bat (D:9)
  2 crimson imps
  6 hounds
  2 centaur zombies
  A jelly (D:9)
  Crazy Yiuf (D:6)
  3 orc wizards
  A bullfrog skeleton (D:5)
  4 worker ants
  An iguana (D:7)
  A killer bee zombie (D:5)
  A howler monkey zombie (D:5)
  A worker ant zombie (D:5)
  A shadow imp (D:9)
  10 orcs
  A bat skeleton (D:9)
  2 bat zombies (D:9)
  A giant cockroach (D:7)
  A hobgoblin (D:3)
  7 jackals (D:8)
  A ball python (D:6)
  A jackal skeleton (D:5)
  A jackal zombie (D:8)
  A kobold (D:5)
  A leopard gecko skeleton (D:5)
  A withered plant (D:5)
79 creatures vanquished.

Vanquished Creatures (others)
  3 battlemagi
  2 ancestors
  9 fulminant prisms
  A withered plant (D:5)
15 creatures vanquished.

Grand Total: 275 creatures vanquished

Notes
Turn   | Place    | Note
-------+----------+-------------------------------------------
     0 | D:1      | MalarOregon the Draconian Conjurer began the quest for the
                  | Orb.
     0 | D:1      | Reached XP level 1. HP: 14/14 MP: 3/3
   271 | D:1      | Reached XP level 2. HP: 16/20 MP: 0/5
   826 | D:1      | Reached XP level 3. HP: 26/26 MP: 4/7
  1160 | D:2      | Found a glowing golden altar of the Shining One.
  1270 | D:2      | Learned a level 2 spell: Searing Ray
  1724 | D:2      | Noticed Natasha
  1733 | D:2      | Killed Natasha
  1733 | D:2      | Reached XP level 4. HP: 9/33 MP: 0/8
  2055 | D:2      | Reached skill level 5 in Conjurations
  2256 | D:2      | Found a hazy altar of Hepliaklqana.
  2290 | D:2      | Became a worshipper of Hepliaklqana the Forgotten
  2883 | D:4      | Found a sparkling altar of Nemelex Xobeh.
  2900 | D:4      | Reached * piety under Hepliaklqana
  3080 | D:4      | Reached XP level 5. HP: 34/34 MP: 2/10
  3199 | D:4      | Found Hoetotio's Assorted Antiques.
  3207 | D:4      | Bought a purple potion for 20 gold pieces
  3207 | D:4      | Bought a dark potion for 20 gold pieces
  3207 | D:4      | Bought a dark potion for 20 gold pieces
  3394 | D:4      | Noticed an ogre
  3403 | D:4      | Killed an ogre
  3403 | D:4      | Reached XP level 6. HP: 34/40 MP: 1/12
  3488 | D:4      | Reached skill level 6 in Conjurations
  3938 | D:4      | Learned a level 3 spell: Dazzling Spray
  3943 | D:4      | Learned a level 4 spell: Iskenderun's Mystic Blast
  4263 | D:5      | Entered Level 5 of the Dungeon
  4621 | D:5      | Reached ** piety under Hepliaklqana
  4622 | D:5      | Remembered your ancestor Kammani as a battlemage
  4647 | D:5      | Reached skill level 5 in Spellcasting
  4686 | D:5      | Your scales start taking on a pale cyan-grey colour.
  4686 | D:5      | Reached XP level 7. HP: 45/45 MP: 6/14
  4834 | D:5      | Learned a level 4 spell: Force Lance
  4869 | D:5      | Reached skill level 7 in Conjurations
  5124 | D:5      | Found a blossoming altar of Fedhas.
  5160 | D:5      | Found a glowing silver altar of Zin.
  5518 | D:5      | Learned a level 4 spell: Fulminant Prism
  5722 | D:6      | Noticed Blork the orc
  5729 | D:6      | Killed Blork the orc
  5729 | D:6      | Reached XP level 8. HP: 43/51 MP: 9/17
  5749 | D:6      | Reached skill level 8 in Conjurations
  5906 | D:6      | Found a staircase to the Ecumenical Temple.
  5962 | D:6      | Noticed Dowan
  5964 | D:6      | Noticed Duvessa
  5971 | D:6      | Killed Dowan
  5980 | D:6      | Killed Duvessa
  6240 | D:6      | Noticed Menkaure
  6244 | D:6      | Killed Menkaure
  6824 | D:6      | Found a runed translucent door.
  6825 | D:6      | Noticed Crazy Yiuf
  6962 | D:6      | Killed Crazy Yiuf
  6962 | D:6      | Reached skill level 9 in Conjurations
  7223 | D:7      | Found a radiant altar of Vehumet.
  7234 | D:7      | Reached *** piety under Hepliaklqana
  7235 | D:7      | Noticed a hippogriff
  7240 | D:7      | Killed a hippogriff
  7240 | D:7      | Reached XP level 9. HP: 39/55 MP: 7/20
  7974 | D:8      | Found a sand-covered staircase.
  7980 | Ossuary  | Entered an ossuary
  8374 | Ossuary  | Reached skill level 10 in Conjurations
  8569 | D:8      | Found a shattered altar of Ashenzari.
  9557 | D:8      | Reached XP level 10. HP: 48/62 MP: 14/23
  9701 | D:8      | Reached skill level 11 in Conjurations
 10015 | D:9      | Reached skill level 10 in Spellcasting
 10024 | D:9      | Noticed Grum
 10034 | D:9      | Killed Grum
 10092 | D:9      | Reached **** piety under Hepliaklqana
 10157 | D:9      | Found a staircase to the Lair.
 10454 | D:9      | Noticed Pikel
 10465 | D:9      | Killed Pikel
 10784 | D:9      | Found an ancient bone altar of Kikubaaqudgha.
 10852 | D:10     | Entered Level 10 of the Dungeon
 10885 | D:10     | Reached skill level 12 in Conjurations
 11122 | D:10     | Found a staircase to the Orcish Mines.
 11150 | D:10     | Found Wockant's Book Boutique.
 11307 | D:4      | Bought a papyrus book for 345 gold pieces
 11698 | D:10     | Reached ***** piety under Hepliaklqana
 12388 | D:11     | Noticed a two-headed ogre
 12395 | D:11     | Killed a two-headed ogre
 12395 | D:11     | Reached XP level 11. HP: 66/66 MP: 21/26
 12494 | D:11     | Noticed Maurice
 12527 | D:11     | Killed Maurice
 12550 | D:11     | HP: 1/66 [troll (11)]
 12550 | D:11     | Mangled by a troll

Levels and vault maps discovered:
D:1:      scummos_arrival_star, layout_loops_cross, grunt_decor_cap,
          st_stairs_11
D:2:      layout_basic, lemuel_crystal_altar, tso_altar, uniq_natasha
D:3:      layout_basic, hangedman_abyss_or_decor_stabs
D:4:      layout_basic, nemelex_xobeh_ov_fountains_minmay, serial_shops,
          nicolae_shop_trees
D:5:      lemuel_ice_spiral_2, layout_rooms, kennysheep_mini_moat,
          fedhas_altar_2, serial_undead, serial_undead_e, serial_undead_f,
          serial_undead_d, serial_undead_a, serial_undead_f, first_ration,
          kennysheep_generic_room_12
D:6:      layout_rooms, minmay_temple_entry_purple_smoke, uniq_blork_the_orc,
          uniq_crazy_yiuf_cottage, uniq_duvessa, uniq_menkaure
D:7:      layout_basic, overflow_temple_1_default
D:8:      layout_gridville, nicolae_ashenzari_panopticon,
          nicolae_ossuary_entry_giza, grunt_ogre_cave, corner_web_ring
D:9:      layout_cave_pools, kennysheep_vampire_church, erik_lair_island,
          uniq_pikel, uniq_grum
D:10:     layout_loops_corners, orc_0_dummy, serial_shops,
          nicolae_shop_window_shopping
D:11:     layout_roguey, hangedman_ru_absence, uniq_maurice

Skill      XL: |  1  2  3  4  5  6  7  8  9 10 |
---------------+-------------------------------+-----
Spellcasting   | 3 4 5 6 7 9 11 | 11.4
Conjurations   | 5 6 7 9 10 12 | 12.7
Dodging        | |  1.7
Stealth        | |  1.7

Action                   |  1- 3 |  4- 6 |  7- 9 | 10-12 || total
-------------------------+-------+-------+-------+-------++-------
Melee: Unarmed           |     6 |       |       |       ||     6
       Short sword       |    36 |    32 |    51 |       ||   119
       Tailslap          |     3 |     5 |     9 |    14 ||    31
       Dagger            |       |       |       |   103 ||   103
 Fire: Shortbow          |       |       |   193 |    30 ||   223
Throw: Dart              |       |       |       |     8 ||     8
 Cast: Magic Dart        |    64 |    62 |    73 |    65 ||   264
       Searing Ray       |       |     5 |     3 |     2 ||    10
       Iskenderun's Myst |       |     6 |    60 |    44 ||   110
       Dazzling Spray    |       |       |     4 |       ||     4
       Fulminant Prism   |       |       |       |     9 ||     9
Invok: Ancestor Life: Ba |       |     1 |       |       ||     1
 Abil: Breathe Steam     |       |       |     1 |       ||     1
Evoke: Wand              |       |       |       |     1 ||     1
  Use: Scroll            |       |       |    14 |       ||    14
 Stab: Sleeping          |     1 |       |       |       ||     1
       Distracted        |       |     1 |       |       ||     1
  Eat: Chunk             |     2 |     8 |    11 |    10 ||    31
       Ration            |       |     1 |     2 |       ||     3
Armor: Skin              |     7 |    13 |   100 |    90 ||   210
Dodge: Dodged            |    29 |    41 |   136 |   134 ||   340

Table legend:
 A = Non-vault XP
 B = Vault XP
 C = Vault XP percentage of total XP
 D = Non-vault monster count
 E = Vault monster count
 F = Vault count percentage of total count
                 A         B        C        D         E       F
            +---------+---------+-------+---------+---------+-------
      Total |    8794 |    4006 |  31.3 |     196 |      61 |  23.7
            +---------+---------+-------+---------+---------+-------
        D:1 |      48 |       9 |  15.8 |      21 |       4 |  16.0
        D:2 |      36 |      35 |  49.3 |      13 |       1 |   7.1
        D:3 |      52 |       0 |   0.0 |      14 |       0 |   0.0
        D:4 |     336 |       0 |   0.0 |      14 |       0 |   0.0
        D:5 |     578 |     295 |  33.8 |      23 |      12 |  34.3
        D:6 |     561 |     523 |  48.2 |       9 |       5 |  35.7
        D:7 |     764 |       0 |   0.0 |      15 |       0 |   0.0
        D:8 |    1749 |     142 |   7.5 |      39 |       4 |   9.3
        D:9 |    1129 |    1886 |  62.6 |      21 |      19 |  47.5
       D:10 |    1908 |       0 |   0.0 |      19 |       0 |   0.0
       D:11 |    1633 |     316 |  16.2 |       8 |       1 |  11.1
    Ossuary |       0 |     800 | 100.0 |       0 |      15 | 100.0
            +---------+---------+-------+---------+---------+-------
